 Seeded DCSS version 0.27-a0-65-gfb268537a3 (webtiles) character file.

Game seed: 20210109 (custom seed)

18 muata the Sneak (level 2, -1/20 HPs)
             Began as a Vampire Enchanter on Jan 9, 2021.
             Slain by a worm (8 damage)
             ... on level 2 of the Dungeon.
             The game lasted 00:02:06 (584 turns).

muata the Sneak (Vampire Enchanter)                  Turns: 584, Time: 00:02:07

Health: -1/20      AC:  2    Str:  7    XL:     2   Next: 51%
Magic:  5/5        EV: 12    Int: 17    God:
Gold:   70         SH:  0    Dex: 14    Spells: 4/5 levels left

rFire    . . .     SeeInvis +   a - +1 dagger
rCold    . . .     Faith    .   (no shield)
rNeg     . . .     Spirit   .   b - +0 robe
rPois    .         Reflect  .   (no helmet)
rElec    .         Harm     .   (no cloak)
rCorr    .         Rampage  .   (no gloves)
Will     .....                  (no boots)
Stlth    +++.......             (no amulet)
HPRegen  0.26/turn              (no ring)
MPRegen  0.09/turn              (no ring)

@: regenerating quickly
A: fangs 3, see invisible, unbreathing
a: Exsanguinate


You were on level 2 of the Dungeon.
You visited 1 branch of the dungeon, and saw 2 of its levels.

You collected 70 gold pieces.

Inventory:

Hand Weapons
 a - a +1 dagger (weapon)
Missiles
 f - 26 stones
Armour
 b - a +0 robe (worn)
 g - a +0 leather armour
Jewellery
 e - an uncursed ring of protection from cold {unknown}
Scrolls
 c - 4 scrolls of remove curse {unknown}
 h - a scroll of identify {unknown}
 j - a scroll of enchant armour {unknown}
 k - 3 scrolls of amnesia {unknown}
Potions
 d - a potion of curing {unknown}
 i - a potion of brilliance {unknown}


   Skills:
 + Level 0.6 Fighting
 + Level 1.5 Short Blades
 - Level 2.1 Dodging
 + Level 4.7 Stealth
 + Level 2.2 Spellcasting
 + Level 4.7 Hexes


You had 4 spell levels left.
You knew the following spells:

 Your Spells              Type           Power        Failure   Level
a - Corona                Hex            18%          2%          1

Your spell library contained the following spells:

 Spells                   Type           Power        Failure   Level
 Confusing Touch          Hex            17%          9%          3
 Tukima's Dance           Hex            17%          9%          3
 Ensorcelled Hibernation  Hex/Ice        18%          11%         2
 Dazzling Flash           Conj/Hex       18%          22%         3


Dungeon Overview and Level Annotations

Branches:
Dungeon (2/15)

Altars:


Innate Abilities, Weirdness & Mutations

Your natural rate of healing is unusually fast.
You have razor-sharp teeth.
You have supernaturally acute eyesight. (SInv)
You can survive without breathing.


Message History

The worm is moderately wounded.
You hit the worm.
The worm is heavily wounded.
The worm closely misses you.
You hit the worm but do no damage.
The worm is heavily wounded.
You hit the worm.
The worm is heavily wounded.
The worm closely misses you.
You hit the worm.
The worm is heavily wounded.
You hit the worm.
The worm is severely wounded.
The worm bites you.
You completely miss the worm.
The worm is heavily wounded.
You hit the worm but do no damage. Your bite misses the worm.
The worm is heavily wounded.
The worm bites you!
You die...

#..# ## .... #. #..# #.
#..# #. #.#..### #. #.
#.#.... #. #.##.#.w# #.
#..#.#@# #. #.#.#.#######
#. #(..........##########
.#####....................
...................#######
.####..#.###......# ##.#.#
#......# #.#.# #......#
#†..# #......#


You could see a worm.

Vanquished Creatures
  4 bats
  2 giant cockroaches (D:1)
  3 goblins (D:1)
  A hobgoblin (D:1)
  2 kobolds (D:1)
  A ball python (D:1)
  A frilled lizard (D:1)
  2 rats (D:1)
16 creatures vanquished.

Notes
Turn   | Place    | Note
-------+----------+-------------------------------------------
     0 | D:1      | muata the Vampire Enchanter began the quest for the Orb.
     0 | D:1      | Reached XP level 1. HP: 13/13 MP: 3/3
   142 | D:1      | Reached XP level 2. HP: 19/20 MP: 5/5
   584 | D:2      | Slain by a worm

Illustrated notes

Levels and vault maps discovered:
D:1:      dpeg_arrival_ternary, layout_rooms
D:2:      cheibrodos_helix_gallery, layout_basic, lemuel_round_altar,
          uniq_terence

Action                   || total
-------------------------++-------
Melee: Dagger            ||    64
       Bite              ||     3
 Stab: Sleeping          ||     5
Armor: Robe              ||    20
Dodge: Dodged            ||    34

Table legend: (Time is in decaauts)
 A = Elapsed time spent in this place.
 B = Non-inter-level travel time spent in this place.
 C = Inter-level travel time spent in this place.
 D = Time resting spent in this place.
 E = Time spent auto-exploring this place.
 F = Levels seen in this place.
 G = Mean time per level.
                   A        B        C        D        E       F      G
               +--------+--------+--------+--------+--------+-----+--------+
         Total |    579 |    562 |     17 |      0 |    368 |   2 |  289.5 |
       Dungeon |    579 |    562 |     17 |      0 |    368 |   2 |  289.5 |
               +--------+--------+--------+--------+--------+-----+--------+

Top non-repeatable levels by time:
     D:1: 499 daAuts
     D:2: 79 daAuts
